 Dungeon Sprint DCSS version 0.27-a0-1545-g3eddc1d3d3 (webtiles) character file.

Game seed: 12730711281753026791

1087 GenialerGandalf the Protected (level 8, -25/82 HPs)
             Began as a Minotaur Fighter on July 13, 2021.
             Shot with an arrow by a centaur warrior (28 damage)
             ... in the Dungeon (Sprint I: "Red Sonja").
             The game lasted 00:03:04 (295 turns).

GenialerGandalf the Protected (Minotaur Fighter)     Turns: 295, Time: 00:03:05

Health: -25/82     AC:  9    Str: 23    XL:     8   Next: 9%
Magic:  7/7        EV: 10    Int:  5    God:
Gold:   182        SH: 12    Dex: 10    Spells: 7/7 levels left

rFire    . . .     SeeInvis .   a - +0 war axe
rCold    . . .     Faith    .   c - +0 kite shield
rNeg     . . .     Spirit   .   b - +0 scale mail
rPois    .         Reflect  .   (helmet restricted)
rElec    .         Harm     .   (no cloak)
rCorr    .         Rampage  .   (no gloves)
Will     .....     NoTele   +   (no boots)
Stlth    ..........             (no amulet)
HPRegen  0.23/turn              (no ring)
MPRegen  0.10/turn              (no ring)

@: on berserk cooldown, slowed, very slow
A: horns 2, retaliatory headbutt
a: no special abilities


You were in the Dungeon.
You visited 1 branch You collected 312 gold pieces.
You spent 130 gold pieces at shops.

Inventory:

Hand Weapons
 a - a +0 war axe (weapon)
Armour
 b - a +0 scale mail (worn)
 c - a +0 kite shield (worn)
Wands
 k - a wand of polymorph (10)
Scrolls
 j - a scroll of blinking
Potions
 d - a potion of might
 e - 2 potions of curing
 g - a potion of haste
 h - 2 potions of magic
 i - a potion of berserk rage


   Skills:
 + Level 11.4 Fighting
 + Level 7.9 Axes
 + Level 11.9 Armour
 + Level 2.5 Dodging
 + Level 11.1 Shields
 + Level 3.5 Unarmed Combat


You had 7 spell levels left.
You didn't know any spells.
Your spell library was empty.

Dungeon Overview and Level Annotations

Branches:
Dungeon (1/1)

Altars:
Cheibriados
Dithmenos
Elyvilon
Fedhas
Gozag
Hepliaklqana
Kikubaaqudgha
Nemelex Xobeh
Okawaru
Qazlal
Ru
Sif Muna
Trog
Uskayaw
Vehumet
Wu Jian
Yredelemnul
Zin
The Shining One

Shops:
D !


Innate Abilities, Weirdness & Mutations

You have a pair of horns on your head.
You reflexively headbutt those who attack you in melee.


Message History

You block the centaur warrior's attack.
You closely miss the centaur warrior.
Your headbutt misses the centaur warrior.
The centaur warrior is severely wounded.
You closely miss the centaur warrior.
The centaur warrior hits you but does no damage.
You block the centaur warrior's attack. The centaur warrior hits you.
* * * LOW HITPOINT WARNING * * *
You block the centaur warrior's attack.
The centaur warrior hits you but does no damage.
The centaur warrior kicks you but does no damage.
You slash the centaur warrior!
You kill the centaur warrior!
You slash the centaur warrior!
The centaur warrior hits you but does no damage.
The centaur warrior kicks you but does no damage.
Your Fighting skill increases to level 11!
Your Axes skill gained 2 levels and is now at level 7!
Your Armour skill increases to level 11!
Your Dodging skill gained 2 levels and is now at level 2!
Your Shields skill gained 2 levels and is now at level 11!
Your Unarmed Combat skill increases to level 3!
You have reached level 7!
You have reached level 8!
You feel stronger.
You are too berserk!
You are too berserk!
You feel a strong urge to attack something.
The centaur warrior wields a +0 longbow.
The centaur warrior shoots an arrow.
You block the arrow.
There is an open door, spattered with blood here.
Things that are here:
a +0 scythe; a +0 robe; the human skeleton of Sigmund You feel your anger nearly subside.
You are no longer berserk.
You are exhausted.
You feel yourself slow down.
You feel much better.
The centaur warrior shoots an arrow.
The arrow hits you!!
* * * LOW HITPOINT WARNING * * *
The centaur warrior shoots an arrow.
The arrow hits you!!
You die...

################
#<.#..).@#..').#
#..)..#..).c#..+
#..#####'#####'# #
#..####..#...#[# ##[$#
#..#__####..##.#≈§§§
#..#_____##'#_.§§§§§
#⌠⌠#_.∩...†..._#§§c§c#
####_..__##_.#'##+####
#_____###+#[#


You could see a centaur warrior.

Vanquished Creatures
  A centaur warrior (D)
  A yak (D)
  Sigmund (D)
  An ogre (D)
  A jelly (D)
  Ijyb (D)
6 creatures vanquished.

Notes
Turn   | Place    | Note
-------+----------+-------------------------------------------
     0 | D        | GenialerGandalf the Minotaur Fighter began the quest for
                  | the Orb.
     0 | D        | Reached XP level 1. HP: 19/19 MP: 0/0
     2 | D        | Noticed Ijyb
     8 | D        | Killed Ijyb
     9 | D        | Reached skill level 5 in Fighting
     9 | D        | Reached skill level 5 in Armour
     9 | D        | Reached skill level 5 in Shields
     9 | D        | Reached XP level 2. HP: 29/29 MP: 1/1
    14 | D        | Noticed an ogre
    18 | D        | Killed an ogre
    19 | D        | Reached skill level 1 in Unarmed Combat
    19 | D        | Reached XP level 3. HP: 39/39 MP: 2/2
    19 | D        | Reached XP level 4. HP: 47/47 MP: 3/3
    32 | D        | Noticed Sigmund
    46 | D        | Killed Sigmund
    47 | D        | Reached XP level 5. HP: 25/56 MP: 4/4
   210 | D        | Found an ornate altar of the Wu Jian Council.
   210 | D        | Found a shimmering blue altar of Sif Muna.
   212 | D        | Found a radiant altar of Vehumet.
   215 | D        | Reached XP level 6. HP: 57/63 MP: 5/5
   248 | D        | Found Wowkua Enach's Distillery.
   248 | D        | Found an ancient bone altar of Kikubaaqudgha.
   248 | D        | Found a hazy altar of Hepliaklqana.
   248 | D        | Found a stormy altar of Qazlal.
   248 | D        | Found a hide-covered altar of Uskayaw.
   248 | D        | Found a blossoming altar of Fedhas.
   248 | D        | Found a bloodstained altar of Trog.
   248 | D        | Found an iron altar of Okawaru.
   248 | D        | Found a basalt altar of Yredelemnul.
   248 | D        | Found a glowing golden altar of the Shining One.
   248 | D        | Found a snail-covered altar of Cheibriados.
   248 | D        | Found a sacrificial altar of Ru.
   248 | D        | Found a glowing silver altar of Zin.
   248 | D        | Found a shadowy altar of Dithmenos.
   248 | D        | Found a white marble altar of Elyvilon.
   248 | D        | Noticed a yak
   253 | D        | Killed a yak
   254 | D        | Reached skill level 10 in Fighting
   254 | D        | Reached skill level 5 in Axes
   254 | D        | Reached skill level 10 in Armour
   254 | D        | Found an opulent altar of Gozag.
   255 | D        | Found a sparkling altar of Nemelex Xobeh.
   259 | D        | Bought a potion of heal wounds for 50 gold pieces
   259 | D        | Bought a potion of berserk rage for 50 gold pieces
   259 | D        | Bought a potion of curing for 30 gold pieces
   268 | D        | Noticed a centaur warrior
   268 | D        | Noticed a centaur warrior
   282 | D        | HP: 2/66 [centaur warrior (2)]
   290 | D        | Killed a centaur warrior
   291 | D        | Reached XP level 7. HP: 6/74 MP: 6/6
   291 | D        | Reached XP level 8. HP: 7/82 MP: 7/7
   295 | D        | HP: 3/82 [centaur warrior/arrow (19)]
   295 | D        | Shot with an arrow by a centaur warrior

Illustrated notes

Levels and vault maps discovered:
D:        dungeon_sprint_1 [red_sonja_temple_1, red_sonja_temple_small_1]

Skill      XL: |  1  2  3  4  5  6 |
---------------+-------------------+-----
Fighting       | 5 7 8 9 11 | 11.4
Axes           | 3 4 7 |  7.9
Armour         | 5 6 9 11 | 11.9
Shields        | 5 7 8 11 | 11.1
Unarmed Combat | 1 2 3 |  3.5
Dodging        | 2 |  2.5

Action                   |  1- 3 |  4- 6 |  7- 9 || total
-------------------------+-------+-------+-------++-------
Melee: Unarmed           |     8 |       |       ||     8
       War axe           |       |    19 |       ||    19
       Headbutt          |       |     4 |       ||     4
  Use: Potion            |       |     2 |     1 ||     3
Armor: Scale mail        |       |    23 |       ||    23
Dodge: Dodged            |     4 |    12 |       ||    16
Block: Kite shield       |       |    21 |     1 ||    22

Table legend: (Time is in decaauts)
 A = Elapsed time spent in this place.
 B = Non-inter-level travel time spent in this place.
 C = Inter-level travel time spent in this place.
 D = Time resting spent in this place.
 E = Time spent auto-exploring this place.
 F = Levels seen in this place.
 G = Mean time per level.
                   A        B        C        D        E       F      G
               +--------+--------+--------+--------+--------+-----+--------+
         Total |    298 |    298 |      0 |    149 |      0 |   1 |  298.0 |
       Dungeon |    298 |    298 |      0 |    149 |      0 |   1 |  298.0 |
               +--------+--------+--------+--------+--------+-----+--------+

Top non-repeatable levels by time:
       D: 298 daAuts
